 Dungeon Crawl Stone Soup version 0.26-a0-1184-g95e395e029 (webtiles) character file.

Game seed: 1041201759644601796

25 jestyr24 the Magician (level 2, -1/15 HPs)
             Began as a Deep Elf Hedge Wizard on Dec 27, 2020.
             Slain by an adder (4 damage)
             ... on level 2 of the Dungeon on Dec 28, 2020.
             The game lasted 00:11:57 (1385 turns).

jestyr24 the Magician (Deep Elf Hedge Wizard)       Turns: 1385, Time: 00:11:58

Health: -1/15      AC:  2    Str:  7    XL:     2   Next: 82%
Magic:  1/10       EV: 13    Int: 18    God:
Gold:   57         SH:  0    Dex: 14    Spells: 9/12 levels left

rFire    . . .     SeeInvis .   l - +3 short sword
rCold    . . .     Faith    .   (no shield)
rNeg     . . .     Spirit   .   i - +0 robe
rPois    .         Reflect  .   c - +0 hat
rElec    .         Harm     .   (no cloak)
rCorr    .         Rampage  .   (no gloves)
Will     .....                  (no boots)
Stlth    ++........             (no amulet)
HPRegen  0.05/turn              a - ring of flight
MPRegen  0.12/turn              (no ring)

@: lethally poisoned (-1 -> -6)
A: no striking features
a: Evoke Flight


You were on level 2 of the Dungeon.
You visited 1 branch of the dungeon, and saw 2 of its levels.

You collected 57 gold pieces.

Inventory:

Hand Weapons
 l - a +3 short sword (weapon)
Armour
 c - a +0 hat (worn)
 e - a +1 kite shield of reflection
 h - a +3 leather armour
 i - a +0 robe (worn)
Jewellery
 a - a ring of flight (left hand)
Scrolls
 b - a scroll of identify
 g - a scroll of blinking {unknown}
 j - a scroll of teleportation {unknown}
 m - a scroll of enchant weapon {unknown}
 n - a scroll of remove curse {unknown}
Potions
 d - 3 potions of heal wounds {unknown}
 f - 3 potions of attraction {unknown}
 k - 2 potions of curing {unknown}


   Skills:
 - Level 2.4 Dodging
 * Level 2.9 Stealth
 + Level 5.5 Spellcasting
 - Level 1.1 Conjurations
 - Level 1.1 Summonings
 - Level 1.1 Translocations


You had 9 spell levels left.
You knew the following spells:

 Your Spells              Type           Power        Failure   Level
a - Magic Dart            Conj           36%          8%          1
b - Call Imp              Summ           9%           12%         2

Your spell library contained the following spells:

 Spells                   Type           Power        Failure   Level
 Blink                    Tloc           N/A          12%         2
 Slow                     Hex            5%           19%         2
 Conjure Flame            Conj/Fire      7%           30%         3
 Mephitic Cloud           Conj/Pois/Air  6%           32%         3


Dungeon Overview and Level Annotations

Branches:
Dungeon (2/15)

Altars:


Message History

Casting: Magic Dart (safe; 8% risk of failure)
Confirm with . or Enter, or press ? or * to list all spells.
Aiming: Magic Dart (safe; 8% risk of failure)
Press: ? - help, Shift-Dir - straight line, f/p - adder
Aim: an adder (heavily wounded, 0% to evade)
The magic dart hits the adder.
The adder is heavily wounded.
You feel sick. The adder bites you.
* * * LOW HITPOINT WARNING * * *
Unknown command.
Unknown command.
Unknown command.
Unknown command.
Unknown command.
You closely miss the adder.
The adder is heavily wounded.
The adder closely misses you. The goblin hits you.
* * * LOW HITPOINT WARNING * * *
The adder bites you.
You die...

#..#..[#...##
######..#.###.<#
#......###.#..##
#.......#....#####
#...........(....#
#.....##....####...
#.....#..##..# #
#.......####.######
#...#####..S@.....#
#...# #.!.Sg....#
##### #...........
#.........##
#..$......#
#...........
#.........##
#.......!.#


You could see 2 adders and a goblin.

Vanquished Creatures
  A worm (D:2)
  2 dart slugs
  A giant cockroach (D:2)
  2 goblins (D:1)
  A hobgoblin (D:2)
  3 bats (D:1)
  3 frilled lizards
  2 kobolds
  3 rats (D:1)
18 creatures vanquished.

Vanquished Creatures (collateral kills)
  A goblin (D:1)
  2 kobolds (D:1)
  2 rats (D:1)
5 creatures vanquished.

Grand Total: 23 creatures vanquished

Notes
Turn   | Place    | Note
-------+----------+-------------------------------------------
     0 | D:1      | jestyr24 the Deep Elf Hedge Wizard began the quest for the
                  | Orb.
     0 | D:1      | Reached XP level 1. HP: 10/10 MP: 7/7
   359 | D:1      | Reached skill level 5 in Spellcasting
   438 | D:1      | Reached XP level 2. HP: 15/15 MP: 8/10
   441 | D:1      | Learned a level 2 spell: Call Imp
  1385 | D:2      | Slain by an adder

Illustrated notes

Levels and vault maps discovered:
D:1:      minmay_arrival_radiant_lines, layout_rooms,
          hangedman_abyss_or_decor_lesser_grid, minmay_misc_feat_chi
D:2:      layout_rooms, dancing_weapons_uskayaw, minmay_pentomino_x4

Skill      XL: |  1 |
---------------+----+-----
Spellcasting   | 5 |  5.5
Dodging        | |  2.4
Stealth        | |  2.9
Conjurations   | |  1.1
Summonings     | |  1.1
Translocations | |  1.1

Action                   || total
-------------------------++-------
Melee: Short sword       ||     9
 Cast: Magic Dart        ||    60
       Call Imp          ||     6
  Use: Scroll            ||     1
Armor: Robe              ||     3
Dodge: Dodged            ||    18

Table legend: (Time is in decaauts)
 A = Elapsed time spent in this place.
 B = Non-inter-level travel time spent in this place.
 C = Inter-level travel time spent in this place.
 D = Time resting spent in this place.
 E = Time spent auto-exploring this place.
 F = Levels seen in this place.
 G = Mean time per level.
                   A        B        C        D        E       F      G
               +--------+--------+--------+--------+--------+-----+--------+
         Total |   1386 |   1386 |      0 |    512 |    391 |   2 |  693.0 |
       Dungeon |   1386 |   1386 |      0 |    512 |    391 |   2 |  693.0 |
               +--------+--------+--------+--------+--------+-----+--------+

Top non-repeatable levels by time:
     D:1: 1006 daAuts
     D:2: 380 daAuts
